[Event "CZE-ch U14 Open 2023"]
[Site "Teplice"]
[Date "2023.03.13"]
[Round "3.3"]
[White "Stary, Vojtech"]
[Black "Roubal, Matyas"]
[Result "1-0"]
[ECO "D32"]
[WhiteElo "1814"]
[BlackElo "1948"]
[Annotator "TA"]
[PlyCount "81"]
[EventDate "2023.03.09"]
[EventType "swiss"]
[EventCountry "CZE"]
[SourceTitle "playchess.com"]
[Source "ChessBase"]
[SourceQuality "1"]
[TimeControl "40/5400+30:1800+30"]

1. d4 d5 2. c4 e6 3. cxd5 exd5 4. Nc3 c5 5. Nf3 Nc6 6. Bf4 Nf6 7. e3 a6 8. Be2 {[%emt 0:02:12] D32: Tarrasch Defence: Sidelines and lines without g3.} cxd4 9. Nxd4 Bd6 10. Bg5 {[%emt 0:03:25] White is slightly better.} Be7 11. O-O O-O 12. Bf3 Be6 13. a3 Rc8 14. Rc1 Ne5 {[%emt 0:01:59] [#]} 15. Be2 $146 ({Predecessor:} 15. Qb3 Nxf3+ 16. Nxf3 d4 17. Qxb7 dxc3 18. Rxc3 Rxc3 19. bxc3 Qd6 20. Qb4 Qc7 21. Qa4 Qxc3 22. Qxa6 {0-1 Muenz,S (1536)-Horther Schneider,E Bayern-ch (Women) 65th 1994 (8)}) 15... Nc4 16. Bxc4 Rxc4 17. Qd2 b5 18. f3 Nd7 19. Bxe7 Qxe7 20. b4 ({White should play} 20. Nxd5 $14 Bxd5 21. Nf5) 20... Rfc8 21. e4 Qf6 (21... dxe4 {keeps more tension.} 22. Nxe4 Nf6 23. Rxc4 Bxc4 24. Nf5 Qa7+) 22. exd5 Nb6 (22... Qxd4+ 23. Qxd4 Rxd4 24. dxe6 fxe6 25. Nxb5 Rxc1 26. Nxd4 $16) (22... Rxd4 $11 {remains equal.} 23. Ne4 Qe5 24. Rxc8+ Nf8 25. Rxf8+ (25. dxe6 Rxd2 26. Nxd2 Qxe6 $11) 25... Kxf8) 23. dxe6 $16 {[%emt 0:03:28] Black is on the road to losing.} Rxd4 24. exf7+ Kxf7 25. Qa2+ Rdc4 (25... Qe6 $16) 26. Ne4 $18 Qd4+ 27. Kh1 {[%emt 0:00:15] [#] Hoping for Rcd1.} Kf8 $2 (27... Rd8 {is more resistant.} 28. Rce1 h6) 28. Nc5 $2 (28. Rcd1 Qe5 29. Nd6) 28... Qd5 {[%emt 0:06:39] aiming for ...Rxc1.} 29. Rcd1 R4xc5 (29... Rd4 30. Qa1 Rxd1 31. Rxd1 Qc6) 30. Rxd5 Rxd5 31. Re1 {[%emt 0:00:39] [#] Strongly threatening Qe2.} Re5 32. Qf2 (32. Rxe5 $2 {gets mated.} Rc1+) 32... Rxe1+ 33. Qxe1 {[%emt 0:00:04][%mdl 4096] Endgame KQ-KRN} Rc6 (33... Nd5 {is a better defense.} 34. g4 h6) 34. h3 {[%emt 0:00:22][%cal Bh2h3,Bh3h4][%mdl 32] White is clearly winning.} Na4 35. Qe4 Rg6 36. f4 Kf7 37. g4 Rf6 38. g5 Rg6 39. h4 Nb6 40. Qb7+ Kf8 41. Qxa6 {[%emt 0:30:27] Weighted Error Value: White=0.22 (precise) /Black=0.47} 1-0

[Event "CZE-ch U14 Open 2023"]
[Site "Teplice"]
[Date "2023.03.13"]
[Round "3.4"]
[White "Zrubek, Dan"]
[Black "Zelba, Lukas"]
[Result "1/2-1/2"]
[ECO "C10"]
[WhiteElo "1752"]
[BlackElo "1912"]
[Annotator "TA"]
[PlyCount "51"]
[EventDate "2023.03.09"]
[EventType "swiss"]
[EventCountry "CZE"]
[SourceTitle "playchess.com"]
[Source "ChessBase"]
[SourceQuality "1"]
[TimeControl "40/5400+30:1800+30"]

1. e4 e6 2. d4 d5 3. Nc3 Nc6 4. e5 Nge7 5. f4 Nf5 6. Nf3 {[%emt 0:01:33] C10: French with 3 Nc3: Unusual Black 3rd moves and 3...dxe4.} Be7 7. g3 {[%emt 0:04:08] [#]} O-O $146 ({Predecessor:} 7... b6 8. Bg2 Bb7 9. O-O Na5 10. g4 Nh6 11. f5 Ng8 12. Ne2 Qd7 13. Ng5 Bxg5 14. Bxg5 {0-1 Drozniak,S (1579)-Michalski,F (1740) POL-chT U19 2nd League 2014 (3.110)}) 8. Bh3 b6 9. Bxf5 exf5 10. Be3 Na5 11. Nd2 (11. Qd3 $1 $11 {feels stronger.}) 11... f6 12. Rb1 {[%emt 0:15:15] [#]} (12. Qf3 $11) 12... fxe5 $1 $17 13. fxe5 Ba6 (13... f4 $17 14. Bxf4 (14. gxf4 Bh4+ 15. Ke2 c5 $19) 14... c5) 14. Qf3 $15 c6 (14... Kh8 $5 ) 15. b4 ({Better is} 15. Ne2 $15) 15... Nc4 $17 16. b5 {[%emt 0:01:39] [#] Hoping for Nxc4.} Nxe3 17. Qxe3 cxb5 18. Nxb5 Bg5 ({Black should play} 18... f4 $17 19. gxf4 Qd7) 19. Qb3 $15 Bxb5 (19... Bxd2+ {is interesting.} 20. Kxd2 Qg5+ 21. Kd1 Qg4+) 20. Qxb5 Rc8 {[%emt 0:00:08] White must now prevent ...Rc3.} (20... Be3 $5 21. c3 f4 $11) 21. Qd3 {[%emt 0:08:01] Prevents Rc3.} Bxd2+ 22. Kxd2 (22. Qxd2 $11 Qc7 23. Kd1) 22... Qg5+ $17 23. Ke2 Qg4+ (23... Qh5+ $17 24. Kd2 Qh6+ 25. Ke2 Qh3) 24. Kd2 $1 $15 ({But not} 24. Kf2 $2 f4 25. Rhf1 fxg3+ 26. Kg1 Rxf1+ 27. Rxf1 gxh2+ 28. Kxh2 Rc6 $19) 24... Qg5+ (24... f4 $15 25. Rbf1 Qg5 26. gxf4 Rxf4 27. Rxf4 Qxf4+ 28. Kd1 Rc4) 25. Ke2 $1 $17 Qg4+ ({Weaker is} 25... f4 26. Rbf1) ({Black should try} 25... Qh5+ $17 26. Kd2 Qh6+ 27. Ke2 Qh5+ 28. Kd2 Qh6+ 29. Ke2 Qh3) 26. Ke1 {Weighted Error Value: White=0.28 (precise) /Black=0.31} ({Don't blunder} 26. Kf2 $2 f4 27. Rhf1 fxg3+ 28. Kg1 gxh2+ 29. Kh1 Rxf1+ 30. Rxf1 Rc6 $19) (26. Kd2 $1 $11) 1/2-1/2

[Event "CZE-ch U14 Open 2023"]
[Site "Teplice"]
[Date "2023.03.13"]
[Round "3.5"]
[White "Zemek, Antonin"]
[Black "Krautschneider, Daniel Jan"]
[Result "1-0"]
[ECO "A04"]
[WhiteElo "1739"]
[BlackElo "1679"]
[Annotator "NA RC COMBH"]
[PlyCount "73"]
[EventDate "2023.03.09"]
[EventType "swiss"]
[EventCountry "CZE"]
[SourceTitle "playchess.com"]
[Source "ChessBase"]
[SourceQuality "1"]
[TimeControl "40/5400+30:1800+30"]

1. Nf3 c5 2. b3 Nc6 3. Bb2 d6 4. g3 e5 5. d3 Nge7 6. Bg2 g6 7. c4 Bg7 8. a3 O-O 9. Qc2 Kh8 10. e3 f5 11. Nc3 f4 12. O-O Nf5 13. Rae1 Bd7 14. Nd5 Be6 15. gxf4 Qd7 16. Ng5 Rad8 17. fxe5 dxe5 18. Qc3 Nh4 19. Nxe6 Qxe6 20. f3 Rf5 21. f4 Nxg2 22. Kxg2 Rh5 23. Rf3 Rd7 24. Qc2 Ne7 25. Nxe7 Qxe7 26. h3 exf4 27. Rxf4 Kg8 28. Bxg7 Qxg7 29. d4 Rg5+ 30. Kh2 Qe7 31. Qf2 cxd4 32. exd4 Qd6 33. Kh1 Qxa3 34. d5 Qxb3 35. Re8+ Kg7 36. Qd4+ Kh6 37. Rh4+ 1-0

[Event "CZE-ch U14 Open 2023"]
[Site "Teplice"]
[Date "2023.03.13"]
[Round "3.6"]
[White "Jasso, Matej"]
[Black "Vlcek, Vojtech"]
[Result "1/2-1/2"]
[ECO "B13"]
[WhiteElo "1934"]
[BlackElo "1671"]
[Annotator "TA"]
[PlyCount "108"]
[EventDate "2023.03.09"]
[EventType "swiss"]
[EventCountry "CZE"]
[SourceTitle "playchess.com"]
[Source "ChessBase"]
[SourceQuality "1"]
[TimeControl "40/5400+30:1800+30"]

1. e4 c6 2. d4 d5 3. exd5 cxd5 4. Bd3 Nf6 5. h3 g6 6. c3 {[%emt 0:01:18] B13: Caro-Kann: Exchange Variation and Panov-Botvinnik Attack.} Bf5 7. Bxf5 gxf5 8. Nf3 {[%emt 0:02:24] The position is equal.} Qc7 9. Ne5 e6 {[%emt 0:03:30] [#]} 10. Bf4 $146 ({Predecessor:} 10. Nd2 Nc6 11. Ndf3 Bd6 12. Bf4 Rg8 13. Qe2 O-O-O 14. O-O-O Ne4 15. g3 f6 16. Nd3 Bxf4+ 17. Nxf4 {0-1 Bittorf,U (1771)-Kuehn,V (1653) GER Cup Net V1 U2000 blitz 2020 (4)}) 10... Bd6 11. Qa4+ Nc6 12. Na3 {[%emt 0:00:55] Threatens to win with Nb5.} a6 (12... Qa5 $11 13. Qb3 O-O-O) 13. Nb5 $16 {[%emt 0:02:03] White is more active.} axb5 14. Qxa8+ Nb8 (14... Nd8 $1 $14) 15. O-O ({White should try} 15. a4 $18) 15... O-O $14 16. b4 Ne4 $1 17. Bh6 Rc8 18. Qa3 f6 19. Nf3 f4 20. Qc1 Kf7 21. Nh4 Rg8 $2 (21... f5 $11) 22. Qd1 $1 $18 Ke7 (22... Ke8 $142 23. Qe2 Ke7) 23. Qh5 Kd8 24. Rfc1 {[%emt 0:04:21] a4 would be deadly.} Nd7 (24... Qd7 $16 25. Qf3 Na6) 25. a4 Nb6 (25... bxa4 $142 26. Rxa4 (26. Qf7 Re8 $16) 26... Nb6) 26. a5 (26. axb5 Qe7 27. Ra2 Kd7) 26... Na4 27. Qf3 $2 (27. c4 $1 $18 {[%cal Rc4d5] and White stays clearly on top.} dxc4 28. Qxb5) 27... Qc4 (27... Naxc3 28. Rc2) (27... f5 $16) 28. Bxf4 e5 29. dxe5 fxe5 30. Be3 Naxc3 (30... Kc8 $142 31. a6 bxa6 32. Qf5+ Kb8 33. Qxh7 Rd8 34. Qa7+ Kc8) 31. Bb6+ Kc8 32. a6 bxa6 33. Nf5 (33. Qf5+ Kb7 34. Ba5 (34. Qxh7+ Kxb6 35. Qxg8 Ne2+ 36. Kh2 Nxc1 $11) 34... Rg7 $15) 33... Bxb4 34. Ne3 (34. Rxa6 Ne2+ 35. Qxe2 Qxc1+ 36. Kh2 Nd2 $11) 34... Qc6 35. Qf7 (35. Qf5+ Qd7 36. Rxa6 (36. Qxe5 Kb7 $17) 36... Qxf5 37. Nxf5 Kb7 $15) ({Only move:} 35. Rxa6 $18 {White wants to mate with Qf7.} Qf6 36. Rxc3+ Bxc3 37. Ra8+ Kb7 38. Rxg8 Qxf3 39. gxf3) 35... Rf8 $11 (35... Nf6 $2 36. Rxa6 (36. Qa7 $2 Ne2+ {[%mdl 64] Discovered Attack, Double Attack} 37. Kh2 Nxc1 $19) 36... Ne8 37. Rca1 $18) 36. Qa7 {[%emt 0:00:32][%cal Oe3d5] Strongly threatening Nxd5! Dancing on a razor blade.} ({But not} 36. Qxd5 Nxd5 37. Rxc6+ Kb7 38. Nxd5 Kxc6 39. Nxb4+ Kxb6 40. Rxa6+ Kc5 41. Nd3+ Kd4 $17) 36... Ne2+ {[%emt 0:02:09][%cal Bc3e2,Be2c1,Bc1b3,Bb3d4][%mdl 96] Discovered Attack, Double Attack. A dynamic duo of knights.} (36... Rxf2 $2 37. Nxd5 (37. Rxa6 Ne2+ 38. Kh2 Nxc1 $11) 37... Rd2 38. Nxb4 $18) 37. Kh2 Nxc1 38. Nxd5 {[%emt 0:00:47] [#]} Bd6 $1 $17 {[%emt 0:02:56] Hoping for ...Nb3.} 39. Be3 $2 (39. Qxa6+ $17 {was the only chance.} Kd7 40. Qa7+ Ke6 41. Nc7+ Kf7 42. Ra6) 39... Nb3 40. Nb6+ Kd8 41. Rd1 (41. Rxa6 Nbc5 42. Ra2) 41... Nd4 $19 (41... Nxf2 42. Bxf2 Ke8 43. Bg3 $15) 42. Rc1 Nc5 43. Rxc5 Bxc5 44. Qb8+ Ke7 45. Qxe5+ Kf7 46. Qh5+ Kg8 47. Nd5 Nf5 48. Qf3 Nxe3 $2 (48... Bxe3 $19 49. Qg4+ Kh8 50. Nxe3 Qd6+ 51. Kg1 Nxe3 52. fxe3 b4) 49. Ne7+ $1 $15 {[%emt 0:00:20][%mdl 64] Discovered Attack} Bxe7 50. Qxc6 Nc4 {[%emt 0:00:31] And now ...Rf6 would win.} ({Don't do} 50... Rxf2 51. Qe8+ Bf8 52. Qxe3 Bd6+ 53. Kg1 $14) 51. Qxa6 Rxf2 {[%emt 0:05:32] ...Nd6 is the strong threat.} 52. Qxb5 Nd6 53. Qd5+ {[%emt 0:00:25] [#]} ({White should play} 53. Qe5 $15 Rf7 54. g4) 53... Rf7 ({Better is} 53... Nf7 $1 $17 54. Qc6 Bd6+ 55. Kg1 Rf4) 54. Qe6 Kf8 {[%emt 0:01:38] Black had all chances to win. An exciting game.   Weighted Error Value: White=0.86/Black=0.39} 1/2-1/2

[Event "CZE-ch U14 Open 2023"]
[Site "Teplice"]
[Date "2023.03.13"]
[Round "3.7"]
[White "Soucek, Andrej"]
[Black "Popov, Roman"]
[Result "1/2-1/2"]
[ECO "B12"]
[WhiteElo "1679"]
[BlackElo "2353"]
[Annotator "TA"]
[PlyCount "96"]
[EventDate "2023.03.09"]
[EventType "swiss"]
[EventCountry "CZE"]
[SourceTitle "playchess.com"]
[Source "ChessBase"]
[SourceQuality "1"]
[TimeControl "40/5400+30:1800+30"]

1. e4 c6 2. d4 d5 3. e5 Bf5 4. h4 h5 5. c4 e6 6. Nc3 Ne7 7. Nf3 {[%emt 0:03:36] B12: Caro-Kann: Advance Variation.} Bg4 8. cxd5 cxd5 {[%emt 0:01:55] [#]} 9. Qb3 $146 {[%emt 0:15:05] Black is slightly better.} ({Predecessor:} 9. Qa4+ Nbc6 10. Bg5 a6 11. Be2 b5 12. Qd1 Qb6 13. O-O Bxf3 14. Bxf3 Qxd4 15. Re1 Qxd1 16. Raxd1 {0-1 Thielen,D (2120)-Heinig,W (2289) Seefeld op 12th 2001 (3)}) 9... Qd7 10. Nh2 Nbc6 11. Nxg4 hxg4 12. Qd1 {[%emt 0:00:52] [#]} g3 $1 {[%emt 0:08:32] White should prevent ...gxf2+.} 13. Be3 Nf5 14. Qg4 Be7 15. h5 (15. Bd3 $5 ) 15... O-O-O 16. Bd3 {[%emt 0:02:59] Dodges g6} gxf2+ (16... Nxe5 {looks sharper.} 17. dxe5 d4 18. Bxf5 gxf2+ 19. Bxf2 exf5 20. Qf3 dxc3 21. bxc3 Kb8) 17. Bxf2 Nh6 {[%emt 0:03:18] Excellent horsemanship.} 18. Qf3 (18. Qxg7 $2 Rdg8 $19) 18... f6 19. exf6 Bxf6 20. Bb5 Rhf8 21. Qe2 Nf5 (21... Rde8 $5 ) 22. O-O-O Qd6 {[%emt 0:01:26] [#]} (22... Bxd4 $2 23. Bxc6 Qxc6 24. Bxd4 $18) (22... Nd6 $11) 23. Bxc6 $1 $16 (23. Qg4 $6 Kb8 $11) 23... Qxc6 24. g4 Bg5+ 25. Kb1 Nh6 $2 (25... Nd6 $16) 26. Nb5 (26. Rc1 $18 Bxc1 27. Rxc1 Rxf2 28. Qxf2) 26... Qb6 (26... Kd7 $16) 27. Bh4 $2 (27. Bg3 $18 {[%cal Od1c1] and the rest is easy. And now Rc1+! would win.} a6 28. Nc7 (28. Qe5 Bf6 $18)) 27... Bxh4 28. Rc1+ Kd7 {[%emt 0:00:49] aiming for ...Bg3.} 29. Rxh4 {[%emt 0:01:07] Rc7+ is the strong threat.} Rc8 {[%emt 0:00:24] Repels Rc7+. Strongly threatening ...Rxc1+.} 30. Rxc8 (30. Rhh1 $1 $14) 30... Rxc8 $11 31. g5 (31. Rh1 $11 {remains equal.}) 31... Nf5 $17 32. Rg4 a6 ({Stronger than} 32... Qc6 33. Nc3 $15) 33. Na3 Qc6 ({Don't do} 33... Nxd4 34. Qe3 e5 35. Qxe5 $16) 34. Qd2 {[%emt 0:00:42] Prevents Qc1+} b5 (34... Rh8 $17 35. h6 gxh6) 35. h6 $11 b4 36. Nc2 Rh8 $2 (36... Qc4 $11 {and Black stays safe.}) 37. Nxb4 $18 Qc4 38. Qc3 $2 (38. Nd3 $18 {Threatens to win with Ne5+.} Kc8 39. b3) 38... Qf1+ $11 39. Qc1 Qxc1+ 40. Kxc1 gxh6 41. gxh6 {[%emt 0:31:55][%mdl 4096] Endgame KRN-KRN} a5 42. Nd3 Rxh6 43. Ne5+ Kc7 44. Kd2 Rh2+ 45. Kc3 Rh3+ 46. Kd2 Rh2+ 47. Kc3 Nd6 48. Kb3 Nf5 {[%emt 0:05:42] Weighted Error Value: White=0.45/Black=0.41} 1/2-1/2

[Event "CZE-ch U14 Open 2023"]
[Site "Teplice"]
[Date "2023.03.13"]
[Round "3.8"]
[White "Ocelak, David"]
[Black "Andrle, Filip"]
[Result "1/2-1/2"]
[ECO "B30"]
[WhiteElo "1608"]
[BlackElo "1721"]
[Annotator "NA RC COMBH"]
[PlyCount "117"]
[EventDate "2023.03.09"]
[EventType "swiss"]
[EventCountry "CZE"]
[SourceTitle "playchess.com"]
[Source "ChessBase"]
[SourceQuality "1"]
[TimeControl "40/5400+30:1800+30"]

1. e4 c5 2. Nf3 Nc6 3. Bb5 d6 4. O-O Bd7 5. Re1 g6 6. c3 Bg7 7. d4 cxd4 8. Nxd4 a6 9. Bf1 Nf6 10. Nxc6 Bxc6 11. f3 O-O 12. Be3 Nd7 13. Nd2 Nc5 14. Nb3 b6 15. Bc4 Qc7 16. Bd5 Rac8 17. Bxc6 Qxc6 18. Nd4 Qb7 19. Qd2 Rfd8 20. Red1 b5 21. Rac1 Rd7 22. Nb3 Nxb3 23. axb3 Rcd8 24. Qd5 Qxd5 25. exd5 a5 26. Ra1 Ra8 27. Ra2 Rb7 28. Rda1 f5 29. Rxa5 Rxa5 30. Rxa5 b4 31. c4 Kf7 32. Kf2 Bxb2 33. Ke2 Ke8 34. Kd3 Kd7 35. Ra7 Rxa7 36. Bxa7 e6 37. Bb6 Bc3 38. dxe6+ Kxe6 39. g3 Bf6 40. f4 h5 41. Bd4 Bd8 42. c5 d5 43. Be5 Kd7 44. Kd4 Kc6 45. Bd6 Bf6+ 46. Kd3 h4 47. Bf8 hxg3 48. hxg3 Bc3 49. Ke2 Bd4 50. Bd6 Bxc5 51. Be5 Bg1 52. Bf6 Kc5 53. Be7+ Kb5 54. Bf6 d4 55. Kd3 Kc5 56. Be7+ Kd5 57. Bxb4 Bf2 58. Be7 Bxg3 59. Bg5 1/2-1/2

[Event "CZE-ch U14 Open 2023"]
[Site "Teplice"]
[Date "2023.03.13"]
[Round "3.9"]
[White "Tichy, Tomas"]
[Black "Veverka, Vladimir"]
[Result "0-1"]
[ECO "C05"]
[WhiteElo "1810"]
[BlackElo "1735"]
[Annotator "NA RC COMBH"]
[PlyCount "70"]
[EventDate "2023.03.09"]
[EventType "swiss"]
[EventCountry "CZE"]
[SourceTitle "playchess.com"]
[Source "ChessBase"]
[SourceQuality "1"]
[TimeControl "40/5400+30:1800+30"]

1. e4 e6 2. d4 d5 3. Nd2 Nf6 4. e5 Nfd7 5. Bd3 c5 6. c3 Nc6 7. Ne2 Qb6 8. Nf3 cxd4 9. cxd4 f6 10. exf6 Nxf6 11. O-O Bd6 12. a3 Bd7 13. b4 O-O 14. Bb2 Qd8 15. Ng3 Ng4 16. Re1 Qf6 $14 17. Bc2 h5 18. Qd3 Kf7 19. Bc1 h4 20. Bg5 hxg3 21. Bxf6 gxf2+ 22. Kf1 fxe1=Q+ 23. Rxe1 Nxf6 24. Qg6+ Kg8 25. Kg1 Bf4 26. b5 Ne7 27. Qd3 Rac8 28. Ne5 Bxe5 29. dxe5 Ne4 30. Rxe4 dxe4 31. Qxe4 Nf5 32. g4 Ne7 33. Qxb7 Bxb5 34. Bb3 Rc1+ 35. Kg2 Bc6+ 0-1

[Event "CZE-ch U14 Open 2023"]
[Site "Teplice"]
[Date "2023.03.13"]
[Round "3.10"]
[White "Hobza, Richard"]
[Black "Babula, Matej"]
[Result "0-1"]
[ECO "A05"]
[WhiteElo "1702"]
[BlackElo "1796"]
[Annotator "NA RC COMBH"]
[PlyCount "92"]
[EventDate "2023.03.09"]
[EventType "swiss"]
[EventCountry "CZE"]
[SourceTitle "playchess.com"]
[Source "ChessBase"]
[SourceQuality "1"]
[TimeControl "40/5400+30:1800+30"]

1. Nf3 Nf6 2. g3 d5 3. Bg2 Nc6 4. d4 Bf5 5. O-O e6 6. c3 Bd6 7. Nbd2 h6 8. Re1 O-O 9. Nh4 Bh7 10. e4 dxe4 11. Nxe4 Nxe4 12. Bxe4 Bxe4 13. Rxe4 Be7 14. Qh5 Qd5 15. Qxd5 exd5 16. Re1 Bxh4 17. gxh4 Rfe8 18. Bf4 Rxe1+ 19. Rxe1 Rc8 20. Kf1 Kf8 21. Ke2 Ne7 22. Kd3 h5 23. b3 f6 24. a4 Kf7 25. c4 c6 26. c5 Nf5 27. Bg3 Re8 28. Rxe8 Kxe8 29. b4 a6 30. f4 Kf7 31. Bf2 Ke6 32. Kc3 Kd7 33. Kd3 Kc7 34. a5 Kd7 35. Ke2 Ke6 36. Kf3 Ne7 37. Be1 Kf5 38. Bf2 Ng8 39. Be1 Nh6 40. h3 Nf7 41. Bd2 Nd8 42. Bc1 Ne6 43. Be3 g6 44. Kg3 Ke4 45. Bc1 Nxd4 46. Bb2 f5 0-1

[Event "CZE-ch U14 Open 2023"]
[Site "Teplice"]
[Date "2023.03.13"]
[Round "3.11"]
[White "Striz, Tadeas"]
[Black "Dusanek, Michal"]
[Result "1-0"]
[ECO "B83"]
[WhiteElo "1503"]
[BlackElo "1624"]
[Annotator "NA RC COMBH"]
[PlyCount "54"]
[EventDate "2023.03.09"]
[EventType "swiss"]
[EventCountry "CZE"]
[SourceTitle "playchess.com"]
[Source "ChessBase"]
[SourceQuality "1"]
[TimeControl "40/5400+30:1800+30"]

1. e4 c5 2. Nf3 d6 3. d4 cxd4 4. Nxd4 Nf6 5. Nc3 Nc6 6. Be2 e6 7. g4 h6 8. h4 Be7 9. Be3 Nxd4 10. Bxd4 e5 11. Be3 Be6 12. f4 a6 13. f5 Bd7 14. Qd2 Bc6 15. Bf3 Qc7 16. O-O-O Rc8 17. g5 Ng8 18. Qf2 b5 19. Bg4 f6 20. Bh5+ Kf8 21. gxh6 Nxh6 22. Rdg1 Bxe4 23. Nxe4 Nxf5 24. Bg4 g6 25. h5 Nxe3 26. Bxc8 Nc4 27. Be6 g5 1-0

[Event "CZE-ch U14 Open 2023"]
[Site "Teplice"]
[Date "2023.03.13"]
[Round "3.12"]
[White "Srba, Daniel"]
[Black "Macosek, Alex"]
[Result "1-0"]
[ECO "B06"]
[WhiteElo "1509"]
[BlackElo "1466"]
[Annotator "NA RC COMBH"]
[PlyCount "97"]
[EventDate "2023.03.09"]
[EventType "swiss"]
[EventCountry "CZE"]
[SourceTitle "playchess.com"]
[Source "ChessBase"]
[SourceQuality "1"]
[TimeControl "40/5400+30:1800+30"]

1. e4 g6 2. d4 Bg7 3. Nc3 d6 4. Be3 a6 5. Qd2 b5 6. f3 Bb7 7. a3 Nd7 8. Nge2 c5 9. dxc5 Nxc5 10. Bxc5 dxc5 11. O-O-O Bh6 12. f4 Qxd2+ 13. Rxd2 e5 14. g3 f5 15. Bg2 Nf6 16. Nd5 Nxd5 17. exd5 O-O-O 18. b3 Rhe8 19. c4 bxc4 20. bxc4 exf4 21. Nxf4 Re3 22. Kb2 Bg7+ 23. Ka2 Rd6 24. Rc1 Rb6 25. Ne6 Bd4 26. Nxd4 cxd4 27. c5 Rbb3 28. c6 Ba8 29. Rxd4 Rxa3+ 30. Kb2 Ra5 31. Rc2 Rb5+ 32. Kc1 Re1+ 33. Kd2 Rbb1 34. Bf3 Rf1 35. Rd3 Rf2+ 36. Kc3 Rxc2+ 37. Kxc2 Rb5 38. Ra3 a5 39. Kc3 Kc7 40. Kc4 Kb6 41. Rb3 Rxb3 42. Kxb3 Kc5 43. Ka4 Kb6 44. Bg2 Ka6 45. d6 Kb6 46. c7 Bb7 47. Bxb7 Kxb7 48. Kxa5 g5 49. Kb4 1-0

[Event "CZE-ch U14 Open 2023"]
[Site "Teplice"]
[Date "2023.03.13"]
[Round "4.1"]
[White "Martirosyan, David"]
[Black "Juhanak, Daniel"]
[Result "0-1"]
[ECO "D26"]
[WhiteElo "1975"]
[BlackElo "1952"]
[Annotator "TA"]
[PlyCount "116"]
[EventDate "2023.03.09"]
[EventType "swiss"]
[EventCountry "CZE"]
[SourceTitle "playchess.com"]
[Source "ChessBase"]
[SourceQuality "1"]
[TimeControl "40/5400+30:1800+30"]

1. d4 d5 2. c4 dxc4 3. e3 Nf6 4. Bxc4 e6 5. Nf3 c5 6. Nc3 a6 7. a4 Nc6 8. O-O cxd4 9. exd4 Be7 10. Re1 O-O 11. Bf4 {[%emt 0:03:37] is now more promising than 11.Bg5.} Qb6 {[%emt 0:07:10] D26: Queen's Gambit Accepted: 4 e3 e6 5 Bxc5 c5 sidelines.} 12. Qb3 {[%emt 0:07:49] [#]} Bb4 $146 ({Predecessor:} 12... Qxb3 13. Bxb3 Bd7 14. Rad1 Rac8 15. d5 exd5 16. Nxd5 Nxd5 17. Bxd5 Bf6 18. b3 Bf5 19. h3 {½-½ Babula,V (2559)-Nguyen,T (2577) EU-Cup Online Gr-C rapid 2021 (7.1)}) 13. Rad1 Na5 {[%emt 0:01:11] The position is equal.} 14. Qa2 Nxc4 15. Qxc4 Bd7 16. Qb3 Qa5 17. Bc7 {[%emt 0:19:16][%mdl 64] Deflection} Qxc7 18. Qxb4 Bc6 19. Ne5 Rfd8 20. a5 Nd5 21. Nxd5 Rxd5 22. Rc1 Rad8 (22... Qxa5 {simplifies} 23. Nxc6 bxc6 24. Qxa5 Rxa5 25. Rxc6 g6) 23. Rc4 h6 24. Nxc6 bxc6 25. Qc3 Qxa5 26. Rxc6 Qa4 27. Rc4 Qd7 {[%emt 0:01:23] Black is more active.} 28. Rc7 Qb5 29. Rc5 Qb7 30. Rc7 Qb6 31. Rc6 Qa7 32. Qc4 a5 33. Rc8 Qxd4 34. Qxd4 Rxd4 35. Rxd8+ Rxd8 $17 {[%emt 0:00:02][%mdl 4096] Endgame KR-KR} 36. g3 Kf8 (36... Rd5 $142 37. Ra1 Rb5) 37. Ra1 (37. Re4 $142) 37... Rd5 $1 38. Ra4 Rb5 $1 39. h4 (39. b3 $17 {is a better defense.}) 39... Ke7 $19 (39... Rxb2 40. Rxa5 Rb4 41. Kf1 $17) 40. b3 Kd6 ({And not} 40... Rxb3 41. Rxa5 g6 42. h5 $17) 41. Kf1 Kc6 ({Inferior is} 41... Rxb3 42. Rxa5 Ke7 43. g4 $17) 42. Rg4 (42. Rc4+ {is the only way for White.} Rc5 43. Rf4) 42... g6 43. Rf4 f5 (43... Rxb3 $2 {perishes.} 44. Rxf7 a4 45. Ke2 $19) 44. Rf3 Rc5 45. Rd3 Rb5 $2 ({Black should try} 45... h5 $19 {Strongly threatening ...Kb5.} 46. Ke2 Kb5) 46. Kg2 $2 (46. Rf3 $1 $11 {and White is okay.}) 46... Kc5 47. Re3 Rb6 48. f4 $2 (48. Kf3) 48... h5 $1 49. Kf2 {[%emt 0:00:00] [#]} Kb4 $1 50. Ke2 {[%emt 0:00:00] [#]} Rd6 51. Ke1 Rd4 52. Rxe6 Kxb3 {[%emt 0:00:00] ( -> ...Re4+)} 53. Rb6+ Rb4 54. Rxg6 a4 {[%emt 0:00:00][%cal Ba5a4,Ba4a3][%mdl 32] Black mates.} 55. Rd6 a3 56. Rd3+ Kb2 57. Rd2+ Kc3 58. Ra2 Rb1+ {[%emt 0:00:00] Weighted Error Value: White=0.54/Black=0.11 (very precise)} 0-1